 Dungeon Sprint DCSS version 0.17-a0-755-g4391640 (webtiles) character file.

6731 Trafet the Impaler (level 10, 0/94 HPs)
             Began as a Deep Dwarf Gladiator on Apr 22, 2015.
             Was the Champion of Makhleb.
             Slain by an ice devil (12 damage)
             ... summoned by an orc high priest
             ... in the Dungeon (Sprint IX: "|||||||||||||||||||||||||||||").
             The game lasted 00:06:36 (982 turns).

Trafet the Impaler (Deep Dwarf Gladiator)            Turns: 982, Time: 00:06:36

Health: 0/94       AC: 20    Str: 19    XL:     10   Next: 75%
Magic:  9/9        EV: 10    Int: 12    God:    Makhleb [******]
Gold:   670        SH:  0    Dex: 16    Spells: 0 memorised, 9 levels left

rFire  . . .     SeeInvis .     y - +13 Scythe of Curses {drain, Curse} (curse)
rCold  . . .     Clarity  .     t - +2 plate armour (curse)
rNeg   . . .     SustAb   .     (no shield)
rPois  .         Gourm    .     r - +0 helmet (curse)
rElec  .         Spirit   .     (no cloak)
rCorr  .         Warding  .     s - +0 pair of gloves (curse)
rMut   .         NoTele   +     (no boots)
MR     +....                    (no amulet)
Stlth  ..........               v - +3 ring of intelligence
                                u - +2 ring of protection

@: weakened, non-regenerating, somewhat resistant to hostile enchantments,
extremely unstealthy
A: damage resistance, recharge devices, sense surroundings 2, slow healing 3
a: Device Recharging, Minor Destruction, Lesser Servant of Makhleb, Major
Destruction, Greater Servant of Makhleb, Renounce Religion


You were in the Dungeon.
You worshipped Makhleb.
Makhleb was exalted by your worship.
You were hungry.

You visited 1 branch You collected 670 gold pieces.

Inventory:

Hand weapons
 a - a cursed +0 long sword
 q - a +2 scimitar of flaming
 y - the cursed +13 Scythe of Curses (weapon) {drain, Curse}
   (You found it in the Dungeon)

   A truly terrible weapon, it drains the life of those it strikes.
   It may re-curse itself when equipped.
   It has a curse placed upon it.
Missiles
 d - 3 throwing nets (quivered)
Armour
 b - a +0 leather armour
 c - a cursed +0 helmet
 r - a cursed +0 helmet (worn)
 s - a cursed +0 pair of gloves (worn)
 t - a cursed +2 plate armour (worn)
Magical staves
 k - an uncursed staff of energy
Jewellery
 u - a +2 ring of protection (left hand)
 v - a +3 ring of intelligence (right hand)
Magical devices
 e - a wand of heal wounds (6)
 p - a wand of fire (7)
Scrolls
 l - a scroll of blinking
 n - 2 scrolls of remove curse
 o - 2 scrolls of amnesia
 z - a scroll of fear
 A - 2 scrolls of enchant armour
 B - 4 scrolls of enchant weapon
Potions
 g - 5 potions of curing
 i - a potion of invisibility
 j - 4 potions of magic
 m - a potion of restore abilities
 w - a potion of agility
Comestibles
 f - 14 bread rations
 C - 40 fruits
 D - 12 meat rations


   Skills:
 - Level 7.5 Fighting
 - Level 11.5 Long Blades
 + Level 16.7 Polearms
 - Level 1.7 Throwing
 - Level 8.6 Armour
 - Level 9.3 Dodging


You had 9 spell levels left.
You didn't know any spells.

Dungeon Overview and Level Annotations

Branches:
Dungeon (1/1)

Altars:
Cheibriados
Dithmenos
Elyvilon
Fedhas
Gozag
Kikubaaqudgha
Makhleb
Nemelex Xobeh
Okawaru
Qazlal
Ru
Sif Muna
Trog
Vehumet
Xom
Yredelemnul
Zin
The Shining One
Beogh
Jiyva
Lugonu


Innate Abilities, Weirdness & Mutations

You are resistant to damage.
You can recharge devices by infusing magical energy.
You passively map the area around you.
You do not heal naturally.


Message History

Drink which item? (? for menu, Esc to quit)
You feel better.
The orange demon stings you but does no damage.
The ice devil hits you. The ice devil freezes you!!
* * * LOW HITPOINT WARNING * * *
The blue devil hits you but does no damage.
You hit the blue devil.
The blue devil is almost dead.
The orange demon stings you but does no damage.
The ice devil hits you but does no damage.
The blue devil closely misses you.
All of the chunks of flesh in your inventory have rotted away.
An orc warrior comes into view. It is wielding a dire flail.
The orc warrior shouts!
You slash the blue devil!
You kill the blue devil!
The orange demon barely misses you. The ice devil hits you!
* * * LOW HITPOINT WARNING * * *
The ice devil freezes you!
You die...

, , , , ,, , + , * * *** * * ,, ,
, ,,, ,,, * * * ** * ** * * * *
,, ,,, , , , * * * * , , , , , ,
, ▓▓▓▓▓▓▓▓▓▓▓▓▓▓▓▓▓▓▓▓▓▓▓▓▓ **
...'))))........@34oooooo +
▓▓▓▓▓▓▓▓▓▓▓▓▓▓▓▓▓▓▓▓▓▓▓▓▓▓▓▓▓▓▓▓▓
.................................
▓▓▓▓▓▓▓▓▓▓▓▓▓▓▓▓▓▓▓▓▓▓▓▓▓▓▓▓▓▓▓▓▓
...........††††......'.........÷.
▓▓▓▓▓▓▓▓▓▓▓▓▓▓▓▓▓▓▓▓▓▓▓▓▓▓▓▓▓▓▓▓▓
.................................
▓▓▓▓▓▓▓▓▓▓▓▓▓▓▓▓▓▓▓▓▓▓▓▓▓▓▓▓▓▓▓▓▓
.')....'_____________________'...


You could see an orc knight, an ice devil, an orc high priest, an orange demon
and 4 orc warriors.

Vanquished Creatures
  A hydra (D)
  An orc high priest (D)
  A hill giant (D)
  An orc sorcerer (D)
  A black mamba (D)
  2 spiny frogs (D)
  A komodo dragon (D)
  A blue devil (D)
  A blink frog (D)
  2 shadows (D)
  A hippogriff (D)
  A hungry ghost (D)
  4 wargs (D)
  4 wolves (D)
  4 orc warriors (D)
  7 water moccasins (D)
  A phantom (D)
  A wasp (D)
  A necrophage (D)
  2 crocodiles (D)
  2 giant frogs (D)
  2 orc priests (D)
  A quasit (D)
  An orc wizard (D)
  A worker ant (D)
  An adder (D)
  2 river rats (D)
  2 orcs (D)
  2 goblins (D)
  A quokka (D)
  A ball python skeleton (D)
  A bat (D)
  A giant cockroach zombie (D)
  2 kobolds (D)
  2 rats (D)
60 creatures vanquished.

Vanquished Creatures (collateral kills)
  An orc knight (D)
  An orc priest (D)
  An orc wizard (D)
  3 orcs (D)
6 creatures vanquished.

Vanquished Creatures (others)
  An orc (D)
  A giant spore (D)
2 creatures vanquished.

Grand Total: 68 creatures vanquished

Notes
Turn   | Place    | Note
--------------------------------------------------------------
     0 | D        | Trafet, the Deep Dwarf Gladiator, began the quest for the Orb.
     0 | D        | Reached XP level 1. HP: 19/19 MP: 1/1
    31 | D        | Noticed a phantom
    49 | D        | Reached skill level 1 in Armour
    70 | D        | Reached skill level 4 in Long Blades
    70 | D        | Reached XP level 2. HP: 27/27 MP: 2/2
    72 | D        | Killed a phantom
    72 | D        | Reached skill level 6 in Long Blades
    72 | D        | Reached skill level 5 in Dodging
    72 | D        | Reached XP level 3. HP: 28/36 MP: 3/3
    72 | D        | Reached XP level 4. HP: 34/44 MP: 4/4
    77 | D        | Found a glowing silver altar of Zin.
    77 | D        | Found a glowing golden altar of the Shining One.
    77 | D        | Found an ancient bone altar of Kikubaaqudgha.
    77 | D        | Found a basalt altar of Yredelemnul.
    77 | D        | Found a shimmering altar of Xom.
    77 | D        | Found a radiant altar of Vehumet.
    77 | D        | Found an iron altar of Okawaru.
    78 | D        | Found a burning altar of Makhleb.
    79 | D        | Found a deep blue altar of Sif Muna.
    80 | D        | Found a bloodstained altar of Trog.
    81 | D        | Found a sparkling altar of Nemelex Xobeh.
    82 | D        | Found a white marble altar of Elyvilon.
    83 | D        | Found a roughly hewn altar of Beogh.
    84 | D        | Found a viscous altar of Jiyva.
    85 | D        | Found a corrupted altar of Lugonu.
    86 | D        | Found a blossoming altar of Fedhas.
    87 | D        | Became a worshipper of Makhleb the Destroyer
    88 | D        | Found a snail-covered altar of Cheibriados.
    89 | D        | Found a shadowy altar of Dithmenos.
    90 | D        | Found a stormy altar of Qazlal.
    91 | D        | Found an opulent altar of Gozag.
    92 | D        | Found a sacrificial altar of Ru.
   151 | D        | Noticed a giant frog
   151 | D        | Noticed a hungry ghost
   151 | D        | Noticed a worker ant
   151 | D        | Noticed a hill giant
   151 | D        | Noticed a quasit
   152 | D        | Killed a giant frog
   152 | D        | Reached skill level 7 in Long Blades
   152 | D        | Reached XP level 5. HP: 38/51 MP: 5/5
   162 | D        | Killed a hungry ghost
   162 | D        | Acquired Makhleb's first power
   162 | D        | Reached skill level 5 in Fighting
   162 | D        | Reached skill level 8 in Long Blades
   162 | D        | Reached XP level 6. HP: 61/61 MP: 6/6
   171 | D        | Killed a hill giant
   171 | D        | Reached skill level 11 in Long Blades
   171 | D        | Reached XP level 7. HP: 55/72 MP: 7/7
   174 | D        | Killed a worker ant
   174 | D        | Acquired Makhleb's second power
   176 | D        | Killed a quasit
   488 | D        | Noticed a wasp
   488 | D        | Noticed a water moccasin
   488 | D        | Noticed a necrophage
   495 | D        | Killed a wasp
   497 | D        | Killed a water moccasin
   497 | D        | Acquired Makhleb's third power
   501 | D        | Killed a necrophage
   501 | D        | Reached XP level 8. HP: 41/80 MP: 8/8
   621 | D        | Noticed a spiny frog
   621 | D        | Noticed a crocodile
   621 | D        | Noticed a water moccasin
   621 | D        | Noticed a giant frog
   621 | D        | Noticed a spiny frog
   623 | D        | Acquired Makhleb's fourth power
   624 | D        | Noticed a water moccasin
   626 | D        | Noticed a water moccasin
   626 | D        | Killed a spiny frog
   626 | D        | Reached skill level 5 in Polearms
   635 | D        | Killed a crocodile
   639 | D        | Killed a water moccasin
   639 | D        | Acquired Makhleb's fifth power
   651 | D        | Killed a spiny frog
   653 | D        | Killed a giant frog
   657 | D        | Killed a water moccasin
   657 | D        | Gained mutation: You passively map the area around you. [Deep Dwarf growth]
   657 | D        | Reached XP level 9. HP: 70/86 MP: 8/8
   661 | D        | Killed a water moccasin
   679 | D        | Noticed a seven-headed hydra
   679 | D        | Noticed a water moccasin
   679 | D        | Noticed a water moccasin
   679 | D        | Noticed a water moccasin
   679 | D        | Noticed a crocodile
   679 | D        | Noticed a hippogriff
   679 | D        | Noticed a komodo dragon
   682 | D        | Noticed a blink frog
   695 | D        | Killed a five-headed hydra
   701 | D        | Killed a water moccasin
   701 | D        | Reached skill level 12 in Polearms
   703 | D        | Killed a water moccasin
   705 | D        | Killed a water moccasin
   709 | D        | Killed a crocodile
   715 | D        | Noticed a black mamba
   715 | D        | Killed a hippogriff
   720 | D        | Killed a komodo dragon
   720 | D        | Reached skill level 13 in Polearms
   734 | D        | Killed a black mamba
   740 | D        | Killed a blink frog
   740 | D        | Reached XP level 10. HP: 40/94 MP: 9/9
   760 | D        | Noticed a wolf
   760 | D        | Noticed a wolf
   760 | D        | Noticed a warg
   760 | D        | Noticed a warg
   761 | D        | Noticed a warg
   763 | D        | Noticed a warg
   764 | D        | Noticed a wolf
   765 | D        | Noticed a wolf
   765 | D        | Killed a warg
   765 | D        | Reached skill level 14 in Polearms
   768 | D        | Killed a warg
   769 | D        | Killed a warg
   771 | D        | Killed a warg
   773 | D        | Killed a wolf
   778 | D        | Killed a wolf
   780 | D        | Killed a wolf
   780 | D        | Reached skill level 15 in Polearms
   781 | D        | Killed a wolf
   903 | D        | Noticed an orc priest
   903 | D        | Noticed an orc warrior
   903 | D        | Noticed an orc wizard
   903 | D        | Noticed an orc wizard
   907 | D        | Killed an orc warrior
   910 | D        | Killed an orc priest
   910 | D        | Killed an orc wizard
   911 | D        | Noticed an orc priest
   913 | D        | Killed an orc wizard
   914 | D        | Noticed an orc knight
   915 | D        | Noticed an orc warrior
   919 | D        | Noticed an orc priest
   920 | D        | Killed an orc priest
   922 | D        | Killed an orc knight
   924 | D        | Killed an orc warrior
   927 | D        | Killed an orc priest
   959 | D        | Noticed an orc warrior
   959 | D        | Noticed an orc sorcerer
   959 | D        | Noticed an orc high priest
   959 | D        | Noticed an orc warrior
   959 | D        | Noticed an orc high priest
   959 | D        | Noticed an orc warrior
   959 | D        | Noticed an orc warrior
   962 | D        | Killed an orc sorcerer
   962 | D        | Reached skill level 16 in Polearms
   964 | D        | Killed an orc warrior
   966 | D        | Noticed an orc warrior
   969 | D        | Killed an orc high priest
   971 | D        | Noticed an orc knight
   971 | D        | Killed an orc warrior
   977 | D        | Noticed an ice devil
   982 | D        | Noticed an orc warrior
   982 | D        | Slain by an ice devil

Action                   |  1- 3 |  4- 6 |  7- 9 | 10-12 || total
-------------------------+-------+-------+-------+-------++-------
Melee: Long sword        |    50 |       |       |       ||    50
       Scimitar          |       |    18 |    95 |       ||   113
       Scythe            |       |       |     7 |    62 ||    69
 Abil: Device Recharging |       |       |     1 |       ||     1
Evoke: Wand              |     1 |       |     4 |       ||     5
  Use: Potion            |     1 |     1 |     5 |     2 ||     9
       Scroll            |       |       |     4 |     1 ||     5
  Eat: Chunk             |       |       |     2 |     2 ||     4
